Cogmind - Beta 17 @@@ ROGUE MODE // 2026.07.12 @ 04:24:10 Player: TheSkyeDoctor Result: Destroyed by B-75 Beast via exploding Fusion Modulator Performance ------------- Evolutions (4) 2000 Regions Visited (8) 1600 Robots Destroyed (67) 335 Value Destroyed (1502) 1502 Prototype IDs (3) 60 Alien Tech Used (0) 0 Bonus (0) 0 TOTAL SCORE: 5497 Bonus ------- None Cogmind --------- Core Integrity 0/850 Matter 204/300 Energy 95/100 System Corruption 1% Temperature Cool (36) Movement Core (50) Location -6/Factory Parts ------- > --- POWER (1) -------- (None) > --- PROPULSION (5) --- (None) > --- UTILITY (5) ------ Improved Terrain Scan Processor Improved Terrain Scan Processor Advanced Targeting Computer > --- WEAPON (4) ------- (None) > --- INVENTORY (5) ---- Scrap Suit Compact Matter Pod (150) Authchip [R/Combat] Heavy Flail Peak State ------------ > --- POWER ------------ Deuterium Engine > --- PROPULSION ------- Light Treads Light Treads Advanced Treads Xenon Bombardment Thruster Cooled Cesium-ion Thruster > --- UTILITY ---------- Medium Storage Unit Improved Terrain Scanner Improved Terrain Scan Processor Advanced Targeting Computer Hardened Medium Armor Plating > --- WEAPON ----------- Riot Gun Ion Cannon Light Cannon Improved Proton Missile Launcher > --- INVENTORY -------- Scrap Suit Improved Heat Sink Compact Matter Pod Improved Terrain Scan Processor Hacking Suite Hacking Suite Authchip [R/Combat] Heavy Flail [Rating: 46] Favorites ----------- Power Deuterium Engine Engine Deuterium Engine Power Core Light Nuclear Core Propulsion Light Treads Treads Light Treads Leg Aluminum Leg Flight Unit Xenon Bombardment Thruster Utility Medium Storage Unit Device Seismic Detector Storage Medium Storage Unit Processor Advanced Targeting Computer Hackware Hacking Suite Protection Hardened Light Armor Plating Weapon Heavy Assault Rifle Energy Gun Riot Gun Energy Cannon Ion Cannon Ballistic Gun Heavy Assault Rifle Ballistic Cannon Light Cannon Launcher Improved Proton Missile Launcher Impact Weapon Hammer Build | -11 -10 -10 -9 -8 -8 -8 -8 -6 ------- Run | Yrd Mat Min Mat Mat Sto Rec Scr Fac Slots Evolved 8 | . . . 2 2 . . . 4 Power . | . . . . . . . . . Propulsion 3 | . . . . 2 . . . 1 Utility 3 | . . . . . . . . 3 Weapon 2 | . . . 2 . . . . . Parts Attached 67 | 8 3 2 16 6 8 2 6 16 Power 9 | 2 1 . 4 . 1 1 . . Engine 7 | 2 . . 4 . . 1 . . Core 2 | . 1 . . . 1 . . . Reactor . | . . . . . . . . . Propulsion 24 | 2 . . 5 3 5 . 2 7 Treads 17 | 2 . . 5 1 2 . 1 6 Leg 2 | . . . . . 2 . . . Wheel . | . . . . . . . . . Hover . | . . . . . . . . . Flight 5 | . . . . 2 1 . 1 1 Utility 15 | 2 . 1 3 . 1 1 . 7 Device 3 | 1 . . . . . . . 2 Storage 2 | 1 . . 1 . . . . . Processor 4 | . . . . . . 1 . 3 Hackware 1 | . . . . . . . . 1 Protection 5 | . . 1 2 . 1 . . 1 Artifact . | . . . . . . . . . Weapon 19 | 2 2 1 4 3 1 . 4 2 Energy Gun 4 | . . . 2 . 1 . 1 . Energy Cannon 3 | . 1 . . . . . 1 1 Ballistic Gun 7 | 2 1 . 2 2 . . . . Ballistic Cannon 1 | . . . . . . . 1 . Launcher 2 | . . 1 . . . . 1 . Special Weapon . | . . . . . . . . . Impact Weapon 2 | . . . . 1 . . . 1 Slashing Weapon . | . . . . . . . . . Piercing Weapon . | . . . . . . . . . Special Melee Weapon . | . . . . . . . . . Unidentified Prototypes 3 | . . . 2 . . . . 1 Parts Lost 38 | . . . 4 . 15 . . 19 Power 5 | . . . 2 . 2 . . 1 Propulsion 14 | . . . . . 6 . . 8 Utility 8 | . . . 1 . 2 . . 5 Weapon 11 | . . . 1 . 5 . . 5 Highest Loss Streak 14 | . . . 2 . 14 . . 12 To Critical Strikes 1 | . . . . . . . . 1 Average Backups 7 | 1 5 7 7 8 8 6 8 7 Power . | . . . . . . . . . Propulsion . | . 2 2 2 . . . . . Utility 5 | . 1 3 4 7 7 6 7 6 Weapon . | . . 1 . . . . . . Tool/Special . | . . . . . . . . . Unused Backups 11 | . 1 3 1 . . . 1 5 Power . | . . . . . . . . . Propulsion 5 | . 1 3 1 . . . . . Utility 6 | . . . . . . . 1 5 Weapon . | . . . . . . . . . Tool/Special . | . . . . . . . . . Average Slot Usage (%) 86 | . 100 100 92 99 72 37 92 75 Engine 6 | . 11 . 6 9 7 2 9 3 Core 2 | . 2 14 3 . . . . . Treads 21 | . 28 28 22 18 2 18 24 19 Flight 5 | . . . . 17 17 . 6 7 Device 2 | . 14 . 3 . . . . 4 Storage 9 | . 14 14 11 9 9 9 9 5 Processor 4 | . . . . . . 7 9 13 Protection 4 | . . 13 7 9 7 . . 3 Energy Gun 5 | . . . 6 9 7 . 8 3 Energy Cannon 5 | . 1 3 10 4 . . 8 4 Ballistic Gun 9 | . 26 14 17 18 13 . . . Ballistic Cannon 3 | . . . . . . . 8 3 Launcher 4 | . . 10 3 . . . 7 3 Impact Weapon 1 | . . . . 4 7 . . . Peak Build Rating 46 | 7 11 11 18 24 24 11 31 46 Average Rating 19 | 5 7 10 13 21 17 8 27 37 On Entrance 13 | . 7 11 11 18 24 5 11 31 Avg Prop Armor Cover (%) 6 | . . . . 3 2 . 11 3 Naked Turns . | . . . . . . . . . Heaviest Build 48 | 15 17 19 34 34 33 19 39 48 Greatest Support 150 | 40 40 40 46 46 45 40 62 150 Greatest Overweight (x) 7 | . . . 1 1 7 . 6 3 Average Overweight (x) . | . . . . . 1 . 1 . Largest Inventory Capacity 10 | 8 8 8 10 10 10 10 10 10 Average Capacity 9 | 7 8 8 8 10 10 10 10 9 Most Carried 10 | 3 8 8 10 10 10 8 10 10 Average Carried 8 | 2 5 7 8 9 9 7 9 8 Final Capacity 10 | 8 8 8 10 10 10 10 10 5 Final Carried 10 | 3 8 8 9 10 8 7 10 5 Class Distribution -------------------- 36% | Mutant 32% | Gunner 21% | Scavenger-Tank 5% | Skirmisher 3% | Tank Dominant Class ---------------- Mutant | -10/Materials Mutant | -10/Mines Scavenger-Tank | -9/Materials Scavenger-Tank | -8/Materials Scavenger-Tank | -8/Storage Mutant | -8/Recycling Gunner | -8/Scraptown Skirmisher | -6/Factory Resources | -11 -10 -10 -9 -8 -8 -8 -8 -6 ----------- Run | Yrd Mat Min Mat Mat Sto Rec Scr Fac Matter Collected 1487 | 322 101 139 368 319 134 . 75 29 Remotely . | . . . . . . . . . Salvage Created 2278 | 187 165 35 586 548 651 . . 106 Parts 161 | 16 13 6 53 26 35 . . 12 Haulers Intercepted 2 | . . . . 1 1 . . . Recyclers Shooed 3 | 1 . . 1 . . . . 1 Parts Field Recycled . | . . . . . . . . . Retrieved Matter . | . . . . . . . . . Parts Self-Destructed . | . . . . . . . . . Prevented . | . . . . . . . . . Parts Restored . | . . . . . . . . . Kills | -11 -10 -10 -9 -8 -8 -8 -8 -6 ------- Run | Yrd Mat Min Mat Mat Sto Rec Scr Fac Combat Hostiles Destroyed 41 | . 5 3 16 7 9 . . 1 Melee 3 | . . . . 2 1 . . . Guns 23 | . 5 1 7 4 6 . . . Cannons 6 | . . . 5 . . . . 1 AOE 6 | . . 2 4 . . . . . Classes Destroyed 11 | 3 3 . 2 2 1 . . . Worker 4 | 1 . 1 1 . 1 . . . Builder 7 | . . . 4 . . . . 3 Tunneler 3 | 3 . . . . . . . . Hauler 2 | . . . . 1 1 . . . Recycler 4 | 1 . . 1 1 1 . . . Mechanic 1 | . . . . . 1 . . . Operator 2 | . . . . 2 . . . . Watcher 3 | . 1 . 1 1 . . . . Swarmer 15 | . 3 3 9 . . . . . Grunt 14 | . 2 . 3 3 5 . . 1 Sentry 12 | . . . 4 4 4 . . . Best Kill Streak 6 | 3 3 2 6 3 5 . . 4 Combat Bots Only 5 | . 3 2 3 3 5 . . 1 Max Kills in Single Turn 2 | 2 1 2 2 1 2 . . 2 Gunslinging . | . . . . . . . . . Exploded 2 | . . 1 2 . . . . . Melee 1 | . . . . 1 1 . . . Uniques/NPCs Destroyed . | . . . . . . . . . Combat | -11 -10 -10 -9 -8 -8 -8 -8 -6 -------- Run | Yrd Mat Min Mat Mat Sto Rec Scr Fac Hostile Shots Fired 520 | . 19 4 88 40 136 . . 233 Missed 149 | . 4 2 26 8 41 . . 68 Hits 371 | . 15 2 62 32 95 . . 165 Projectile 371 | . 15 2 62 32 95 . . 165 AOE 4 | . . . . . 1 . . 3 Critical Strikes 12 | . . . . 1 7 . . 4 Damage Taken 6053 | . 173 41 669 472 1557 . . 3141 Core 1489 | . 23 24 105 46 441 . . 850 Absorbed by Shields . | . . . . . . . . . Core Remaining (%) 66 | 100 . 81 73 . . . 11 . Volleys Fired 117 | 7 16 3 40 20 24 . . 7 Largest 4 | 2 2 2 4 4 3 . . 4 Hottest 183 | 40 40 53 162 162 106 . . 183 Shots Fired 307 | 14 32 6 108 73 53 . . 21 Gun 227 | 14 32 3 60 60 53 . . 5 Cannon 66 | . . . 40 13 . . . 13 Launcher 14 | . . 3 8 . . . . 3 Special . | . . . . . . . . . Kinetic 176 | 14 32 3 50 40 31 . . 6 Thermal 110 | . . . 50 33 21 . . 6 Explosive 11 | . . 3 8 . . . . . Electromagnetic 10 | . . . . . 1 . . 9 Robot Hit Streak 8 | 6 5 2 6 5 8 . . 7 Robot Miss Streak 7 | 2 3 1 7 6 6 . . 4 Penetration Max . | . . . . . . . . . Secondary Targets . | . . . . . . . . . Shots Hit Robots 177 | 10 17 3 50 45 41 . . 11 Core Hits 100 | 6 8 3 32 20 19 . . 12 Critical Kills 1 | . . . . 1 . . . . Critical Parts Destroyed 6 | . . . . 3 3 . . . Critical Strikes 9 | . . . . 4 5 . . . Burn 2 | . . . . . 2 . . . Smash 7 | . . . . 4 3 . . . Melee Attacks 22 | . . . . 13 9 . . . Impact 22 | . . . . 13 9 . . . Slashing . | . . . . . . . . . Piercing . | . . . . . . . . . Sneak Attacks 2 | . . . . 2 . . . . Combat Hostiles . | . . . . . . . . . Follow-up Attacks . | . . . . . . . . . Damage Inflicted 4428 | 151 222 238 1499 870 887 . . 561 Guns 2017 | 151 222 14 513 489 591 . . 37 Cannons 708 | . . . 389 87 . . . 232 Explosions 1270 | . . 224 597 . 165 . . 284 Melee 425 | . . . . 294 131 . . . Ramming 8 | . . . . . . . . 8 Kinetic 1548 | 151 222 14 398 331 372 . . 60 Thermal 1267 | . . . 504 245 368 . . 150 Explosive 821 | . . 224 597 . . . . . Electromagnetic 359 | . . . . . 16 . . 343 Impact 425 | . . . . 294 131 . . . Slashing . | . . . . . . . . . Piercing . | . . . . . . . . . Highest Corruption 1 | . . . . . . . . 1 Average Corruption 1 | . . . . . . . . 1 Corruption Purged . | . . . . . . . . . Corruption Blocked . | . . . . . . . . . Overload Shots . | . . . . . . . . . Overflow Damage 235 | . . 17 11 122 70 . . 15 Projectiles 23 | . . . 9 . . . . 14 Explosions 20 | . . 17 2 . . . . 1 Melee 192 | . . . . 122 70 . . . Knockbacks 5 | . . . . 1 1 . . 3 Impact 3 | . . . . 1 1 . . 1 Kinetic 2 | . . . . . . . . 2 Secondary . | . . . . . . . . . Self-Inflicted Damage 111 | . . 24 51 . 23 . . 13 Shots 6 | . . 1 3 . 1 . . 1 Rammed 3 | . . . . . . . . 3 Targets Rammed 3 | . . . . . . . . 3 Kicked . | . . . . . . . . . Crushed . | . . . . . . . . . Highest Temperature 521 | . 2 12 521 310 280 . . 332 Average Temperature 108 | . 2 6 114 118 89 . . 143 Received Heat Transfer 1692 | . 63 . 111 225 846 . . 447 Effects 10 | . . . 6 2 1 . . 1 Interference 7 | . . . 3 2 1 . . 1 Matter Decay 1 | . . . 1 . . . . . Short Circuit 2 | . . . 2 . . . . . Siege Activations . | . . . . . . . . . Martial Activations . | . . . . . . . . . Shielding Activations . | . . . . . . . . . Robots Disrupted . | . . . . . . . . . Combat Hostiles . | . . . . . . . . . Robots Corrupted 4 | . . . . 2 2 . . . Combat Hostiles 3 | . . . . 1 2 . . . Parts Fried 9 | . . . . 4 3 . . 2 Impact Corruptions 8 | . . . . 5 3 . . . Robots Melted . | . . . . . . . . . Combat Hostiles . | . . . . . . . . . Parts Melted 5 | . . . 4 . 1 . . . Heat Transferred 2890 | . . . 1110 592 916 . . 272 Parts Sabotaged . | . . . . . . . . . Parts Stolen . | . . . . . . . . . Parts Stripped . | . . . . . . . . . Power Chain Reactions 2 | . . . . . 1 . . 1 Alert | -11 -10 -10 -9 -8 -8 -8 -8 -6 ------- Run | Yrd Mat Min Mat Mat Sto Rec Scr Fac Maximum Alert Level 1 | . . . 1 . . . . . Low Security (%) 95 | 100 100 100 81 100 100 100 . 100 Level 1 4 | . . . 18 . . . . . Level 2 . | . . . . . . . . . Level 3 . | . . . . . . . . . Level 4 . | . . . . . . . . . Level 5 . | . . . . . . . . . High Security . | . . . . . . . . . Max Security . | . . . . . . . . . Peak Influence 235 | 15 61 85 235 95 125 25 . 57 Initial 33 | . . 1 . 33 25 25 . . Average 45 | 2 14 19 128 42 47 1 . 4 Influence Increases 1471 | 25 132 125 495 234 374 4 . 82 Destroy 0b10 Robot/C 820 | . 100 60 320 140 180 . . 20 Destroy 0b10 Robot/NC 130 | 25 5 5 35 25 20 . . 15 Destroy Leader 230 | . 22 10 92 54 52 . . . Successful Hack 8 | . 4 . . . . 4 . . Disable Machine 15 | . . . . 15 . . . . Destroy Structure 73 | . 1 20 48 . 2 . . 2 Lose Combat Pursuer 195 | . . 30 . . 120 . . 45 Influence Decreases 1471 | 25 126 131 416 253 367 71 . 82 Entered New Map 128 | . . 5 . 46 35 42 . . Time Decay 1087 | 25 126 126 376 207 160 29 . 38 Lost Part 224 | . . . 40 . 140 . . 44 Purge Threat 32 | . . . . . 32 . . . Squads Dispatched 8 | . . . 2 1 2 . . 3 Investigation . | . . . . . . . . . Extermination 1 | . . . . . . . . 1 Reinforcement 7 | . . . 2 1 2 . . 2 Assault . | . . . . . . . . . Garrison . | . . . . . . . . . Intercept . | . . . . . . . . . Searches Triggered . | . . . . . . . . . Construction Impeded 2 | . . . 1 . . . . 1 Haulers Reinforced . | . . . . . . . . . Active Scanning Responses . | . . . . . . . . . Cargo Convoy Interrupts . | . . . . . . . . . Stealth | -11 -10 -10 -9 -8 -8 -8 -8 -6 --------- Run | Yrd Mat Min Mat Mat Sto Rec Scr Fac Distress Signals 10 | . 1 . 3 4 1 . . 1 Communications Jammed . | . . . . . . . . . Distress Signals . | . . . . . . . . . Times Spotted 93 | . 10 5 21 17 23 . . 17 Peak Tracking Total 9 | . 4 3 5 7 9 . . 7 Tactical Retreats 7 | . . 1 . . 4 . . 2 Traps | -11 -10 -10 -9 -8 -8 -8 -8 -6 ------- Run | Yrd Mat Min Mat Mat Sto Rec Scr Fac Traps Triggered . | . . . . . . . . . Indirectly . | . . . . . . . . . Trap Hack Attempts . | . . . . . . . . . Triggered . | . . . . . . . . . Disarmed . | . . . . . . . . . Reprogrammed . | . . . . . . . . . Reused . | . . . . . . . . . Traps Extracted . | . . . . . . . . . Installed 4 | . . 4 . . . . . . Triggered . | . . . . . . . . . Machines | -11 -10 -10 -9 -8 -8 -8 -8 -6 ---------- Run | Yrd Mat Min Mat Mat Sto Rec Scr Fac Machines Disabled 1 | . . . . 1 . . . . Max in Single Turn 1 | . . . . 1 . . . . Machines Repaired . | . . . . . . . . . Machines Dismantled . | . . . . . . . . . Machines Sabotaged . | . . . . . . . . . Overloaded Fab Kills . | . . . . . . . . . Hacking | -11 -10 -10 -9 -8 -8 -8 -8 -6 --------- Run | Yrd Mat Min Mat Mat Sto Rec Scr Fac Machines Accessed 9 | . 3 . 1 . 2 2 . 1 Terminals 9 | . 3 . 1 . 2 2 . 1 Fabricators . | . . . . . . . . . Repair Stations . | . . . . . . . . . Recycling Units . | . . . . . . . . . Scanalyzers . | . . . . . . . . . Garrison Access . | . . . . . . . . . Total Hacks 21 | . 10 . 4 . 3 2 . 2 Successful 7 | . 3 . . . 1 2 . 1 Failed 14 | . 7 . 4 . 2 . . 1 Catastrophic 4 | . 3 . 1 . . . . . Database Lockouts . | . . . . . . . . . Manual 20 | . 7 . 4 . 4 2 . 3 Terminals 21 | . 10 . 4 . 3 2 . 2 Fabricators . | . . . . . . . . . Repair Stations . | . . . . . . . . . Recycling Units . | . . . . . . . . . Scanalyzers . | . . . . . . . . . Garrison Access . | . . . . . . . . . Terminal Hacks 1 | . . . . . 1 . . . Unreport Threat 1 | . . . . . 1 . . . Fabricator Hacks . | . . . . . . . . . Repair Station Hacks . | . . . . . . . . . Recycling Unit Hacks . | . . . . . . . . . Scanalyzer . | . . . . . . . . . Garrison Access Hacks . | . . . . . . . . . Unauthorized Hacks 6 | . 3 . . . . 2 . 1 Terminals 6 | . 3 . . . . 2 . 1 Botnet 6 | . 3 . . . . 2 . 1 Fabricators . | . . . . . . . . . Repair Stations . | . . . . . . . . . Recycling Units . | . . . . . . . . . Scanalyzers . | . . . . . . . . . Garrison Access . | . . . . . . . . . Data Cores Recovered 1 | . . . . 1 . . . . Used . | . . . . . . . . . Hacking Detections 7 | . 3 . 1 . 1 1 . 1 Full Trace Events . | . . . . . . . . . Feedback Events . | . . . . . . . . . Feedback Blocked . | . . . . . . . . . Robot Schematics Acquired . | . . . . . . . . . Robots Built . | . . . . . . . . . Authchips . | . . . . . . . . . Time . | . . . . . . . . . Total Robot Build Rating . | . . . . . . . . . Part Schematics Acquired . | . . . . . . . . . Parts Built . | . . . . . . . . . Authchips . | . . . . . . . . . Time . | . . . . . . . . . Total Part Build Rating . | . . . . . . . . . Part Studies Acquired . | . . . . . . . . . Parts Repaired . | . . . . . . . . . Time . | . . . . . . . . . Parts Recycled . | . . . . . . . . . Recycled Matter . | . . . . . . . . . Retrieved Matter . | . . . . . . . . . Retrieved Components . | . . . . . . . . . Parts Scanalyzed . | . . . . . . . . . Part Schematics Acquired . | . . . . . . . . . Parts Damaged . | . . . . . . . . . Bothacking | -11 -10 -10 -9 -8 -8 -8 -8 -6 ------------ Run | Yrd Mat Min Mat Mat Sto Rec Scr Fac Used RIF Installer . | . . . . . . . . . Robots Hacked . | . . . . . . . . . Non-combat . | . . . . . . . . . Combat . | . . . . . . . . . Robot Hacks Applied . | . . . . . . . . . Relay Couplers Released . | . . . . . . . . . Fabnet Peak Effective % . | . . . . . . . . . Robots Rewired . | . . . . . . . . . Allies Hacked . | . . . . . . . . . Hacks Repelled . | . . . . . . . . . Allies | -11 -10 -10 -9 -8 -8 -8 -8 -6 -------- Run | Yrd Mat Min Mat Mat Sto Rec Scr Fac Total Allies . | . . . . . . . . . Largest Group . | . . . . . . . . . Highest-Rated Group . | . . . . . . . . . Highest-Rated Ally . | . . . . . . . . . Total Orders . | . . . . . . . . . Ally Attacks . | . . . . . . . . . Total Damage . | . . . . . . . . . Kills . | . . . . . . . . . Allies Corrupted . | . . . . . . . . . Allies Melted . | . . . . . . . . . Intel | -11 -10 -10 -9 -8 -8 -8 -8 -6 ------- Run | Yrd Mat Min Mat Mat Sto Rec Scr Fac Active Infowar (turns) 1055 | 19 445 4 274 . . . . 313 Terrain 313 | . . . . . . . . 313 Seismic 742 | 19 445 4 274 . . . . . Robot Analysis Total . | . . . . . . . . . Derelict Logs Recovered 2 | . . 2 . . . . . . Drone Launches . | . . . . . . . . . Drone Recoveries . | . . . . . . . . . Exploration | -11 -10 -10 -9 -8 -8 -8 -8 -6 ------------- Run | Yrd Mat Min Mat Mat Sto Rec Scr Fac Turns Passed 5611 | 146 445 539 914 445 455 481 1669 517 Spaces Moved 2659 | 72 240 323 461 207 165 300 596 295 Core 77 | 3 . . . . 9 . . 65 Treads 2285 | 69 240 323 461 207 36 300 427 222 Legs 19 | . . . . . 19 . . . Wheels . | . . . . . . . . . Hover . | . . . . . . . . . Flight 278 | . . . . . 101 . 169 8 Fastest Speed 50 | 50 160 160 160 152 120 160 155 50 Average Speed 185 | 155 160 160 160 153 200 160 278 137 Slowest Speed 580 | 160 160 160 240 240 400 160 580 200 Overloaded Moves 8 | . . . . . . . . 8 Propulsion Burnouts . | . . . . . . . . . Robots Hopped . | . . . . . . . . . Potential Cave-ins . | . . . . . . . . . Cave-ins Triggered . | . . . . . . . . . Exploration Rate (%) 35 | 3 39 54 43 19 38 59 50 10 Regions Visited 8 Branch Regions 4 Pre-discovered Areas . | . . . . . . . . . Known Exits Taken 1 | . . 1 . . . . . . Unknown Exits Taken 7 | 1 1 . 1 1 1 1 1 . Scrap Searched 4 | . . 2 . . . . 2 . Spaces Dug 1 | . . . . . 1 . . . Terrain Destroyed 79 | . . 22 53 . 2 . . 2 Melee 1 | . . . . . 1 . . . Projectile . | . . . . . . . . . AOE 78 | . . 22 53 . 1 . . 2 Terrain Rammed . | . . . . . . . . . Walls Destroyed . | . . . . . . . . . Machines Disabled . | . . . . . . . . . Actions | -11 -10 -10 -9 -8 -8 -8 -8 -6 --------- Run | Yrd Mat Min Mat Mat Sto Rec Scr Fac Total 3039 | 88 271 340 550 266 230 301 606 387 Wait 97 | . . 2 2 12 23 . . 58 Move 2651 | 71 239 322 460 206 164 299 595 295 Hop . | . . . . . . . . . Pick Up 30 | 2 7 2 8 4 . . 4 3 Fast Attach 40 | 7 1 . 7 1 6 1 6 11 Attach 13 | . . . 5 2 2 1 . 3 Detach 3 | . . . 1 1 . . . 1 Swap 23 | 1 3 2 11 3 1 . . 2 Drop 34 | . 5 3 16 4 1 . 1 4 Fire 117 | 7 16 3 40 20 24 . . 7 Melee 22 | . . . . 13 9 . . . Ram 2 | . . . . . . . . 2 Kick . | . . . . . . . . . Crush 1 | . . . . . . . . 1 Escape Stasis . | . . . . . . . . . Rewire 2 | . . 2 . . . . . . Trap 4 | . . 4 . . . . . . Miscellaneous . | . . . . . . . . . Route ------- -11/Scrapyard -10/Materials -10/Mines (discovered 2 exits: *Mat x2) -9/Materials -8/Materials -8/Storage -8/Recycling -8/Scraptown -6/Factory History --------- Turn | Location | Event 51 | -11/Scrapyard | Discovered new exit (range 15) 147 | -11/Scrapyard | Entered Materials 301 | -10/Materials | Build established: Mutant 584 | -10/Materials | Discovered new exit (range 6) 592 | -10/Materials | Entered Mines 669 | -10/Mines | Found a Scrap Suit stashed away for nefarious purposes 673 | -10/Mines | Found Scrap Suit 741 | -10/Mines | Learned Materials emergency access door positions 1041 | -10/Mines | Identified exit to Materials 1073 | -10/Mines | Found a hidden stash of uninstalled traps 1115 | -10/Mines | Discovered exit to Materials (range 6) 1131 | -10/Mines | Entered Materials 1131 | -9/Materials | Evolved 2 slots: Weapon x2 1774 | -9/Materials | Build established: Scavenger-Tank 2026 | -9/Materials | Discovered new exit (range 6) 2045 | -9/Materials | Entered another Materials area 2045 | -8/Materials | Evolved 2 slots: Propulsion x2 2226 | -8/Materials | Discovered new exit (range 11) 2490 | -8/Materials | Entered Storage 2868 | -8/Storage | Core integrity fell below 50% 2898 | -8/Storage | Core integrity fell below 20% 2934 | -8/Storage | Lost 14 parts (2p5n2u5w) 2940 | -8/Storage | Used back door to open Recycling access 2940 | -8/Storage | Discovered new exit (range 4) 2945 | -8/Storage | Entered Recycling 3125 | -8/Recycling | Build established: Mutant 3383 | -8/Recycling | Scanned before Scraplab entrance 3407 | -8/Recycling | Entered Scraplab 3422 | -8/Recycling | Discovered new exit (range 3) 3426 | -8/Recycling | Entered Scraptown 3705 | -8/Scraptown | Received an X-ray algorithm 3726 | -8/Scraptown | Heard Great Nut preacher, LISTEN AND RECITE! 3750 | -8/Scraptown | Discovered new exit (range 13) 3762 | -8/Scraptown | Build established: Gunner 3900 | -8/Scraptown | Visited Junk Repository 4083 | -8/Scraptown | Visited Cyclists 4182 | -8/Scraptown | Visited Red Mages 4269 | -8/Scraptown | Visited Awakened 4356 | -8/Scraptown | Visited The Evicted 4431 | -8/Scraptown | Visited Spacefarers 4564 | -8/Scraptown | Visited Symbiants 5095 | -8/Scraptown | Entered Factory 5095 | -6/Factory | Evolved 4 slots: Propulsion x1, Utility x3 5460 | -6/Factory | Lost 12 parts (1p5n2u4w) 5584 | -6/Factory | Core integrity fell below 50% 5612 | -6/Factory | Spotted B-75 Beast 5612 | -6/Factory | Destroyed by B-75 Beast via exploding Fusion Modulator Last Messages --------------- 05585_ Penetrated by Slug. 05586_ Power Amplifier destroyed. 05595_ K-01 Serf cleans the Megafabricator. 05603_ K-01 Serf cleans the Recycling Unit. 05611_ K-01 Serf cleans the Fusion Modulator. 05612_ Fusion Modulator explodes. 05612_ Hacking Suite destroyed. 05612_ Critical hit (Blast). 05612_ Fusion Modulator explodes. 05612_ T-07 Excavator destroyed. 05612_ K-01 Serf destroyed. 05612_ Fusion Modulator explodes. 05612_ K-01 Serf destroyed. 05612_ Fusion Modulator explodes. 05612_ W-25 Informer destroyed. 05612_ T-07 Excavator destroyed. 05612_ K-01 Serf destroyed. 05612_ Fusion Modulator explodes. 05612_ Construction Platform disabled. Map ----- +----------------------------------------------------+ | ?????????????????????????????????????????????????? | | ???????????????????????????????????????? ?????? | | ??????????????????????????????????????# ?????? | | ??????????????????????????????????????+ #????? | | ??????????????????????????????????????# #????? | | ??????????????????????????????????????# #????? | | ??????????????????????????????????????# #????? | | ??????????????????????????????????????# #??? ? | | ??????????????????????????????????????# #????? | | ??????????????????????????????????????# #????? | | ???????????????????????? ???? ????????# +?"??? | | ?????????????????????" " """ ????????# #????? | | ?????????????????? k ##??????# #????? | | ?????????????????#| ;;;;;#### ###### | | ?????????????????# | | ???????????????### = | | ???????????????? ! ! %! | | ???????????????##; = = | | ???????????????#BBA %% | | ???????????????#BB ###### | | ????????????##### A # | | ??????????? """# | | ??????????? k Y"# """ | | ??????????# k """# """ | | ??????????# # """ | | ??????????# @ p # ? | | ?????????????????#;;;; ;;;;#### # ? | | ???????????? ; ; #??# ###+## | | ??????????? [ ##### """###??# | | ??????????? ??????# """"#????# | | ???????????? ????????# """"#????# | | ???????????? ??????????# """"#????# """"""" | | ????????????????????????# """"?????# """"""" | | ????????????????????????# """??????# """"""" | | ????????????????????????# ""???????# """"""" | | ????????????????????????# ???????# """"""" | | ????????????????????????#######???????# """"""" | | ??????????????????????????????????????# | | ??????????????????????????????????????# ""T"" | | ??????????????????????????????????????# """"" | | ??????????????????????????????????????#########/## | | ?????????????????????????????????????????# ! | | ?????????????????????????????????????????# !== | | ?????????????????????????????????????????# = | | ?????????????????????????????????????????# | | ?????????????????????????????????????????# """"" | | ?????????????????????????????????????????# """"" | | ?????????????????????????????????????????# """ | | ?????????????????????????????????????????# | | ?????????????????????????????????????????# """"" | +----------------------------------------------------+ Best States ------------- Heat Dissipation 37 Energy Generation 14 Energy Capacity 275 Matter Stores 300 Matter Capacity 300 Sight Range 16 Terrain Scan Range 16 Terrain Scan Density 210 Power Amplification 20 Armor Coverage 225 Evasion (%) 55 Targeting Accuracy 8 Recoil Reduction 5 Offensive Hacking 10 Authchip Count 1 Item Schematics ----------------- None Robot Schematics ------------------ None Fabricated ------------ Nothing Repaired ---------- Nothing Studied --------- None Alien Tech Used ----------------- None Achievements -------------- None Challenges ------------ None Game ------ Seed SensorCryofiberMinigun Manual? 0 Play Time 00:27:03 Cumulative 118.3 hours Start 2026.07.12 @ 03:57:32 End 2026.07.12 @ 04:24:10 Sessions 1 Manual Loads 0 Difficulty Rogue Special Mode None Game No. 252 Rogue 252 Adventurer 0 Explorer 0 Win Type - Total 0 Types 0/0/0/0/0/0/0/0/0/0 Lore% 51 Gallery% 51 Achievement% 41 Wizard Run 0 Options --------- Layout 1 ASCII 0 Keyboard 1 Movement Arrows Keybinds 0 Fullscreen 2 Font 24/Smallcaps Map View 50x35 Zoom Use 0% Tactical HUD 1 Map Filters NONE Filters NONE Steam 1 RUN: f0279951-13a3-48b7-8d3f-d32311c118b2